 Dungeon Crawl Stone Soup version 0.30-a0-12-gd8047c6341 (webtiles) character file.

Game seed: 17728045021717401998

185 Iusername the Chopper (level 5, 0/41 HPs)
             Began as a Human Fighter on Aug 23, 2022.
             Slain by an orc priest
             ... wielding a +0 trident of flaming
              (2 damage)
             ... on level 3 of the Dungeon.
             The game lasted 00:03:23 (2395 turns).

Iusername the Chopper (Human Fighter)               Turns: 2395, Time: 00:03:24

Health: 0/41       AC: 11    Str: 17    XL:     5   Next: 96%
Magic:  5/5        EV:  9    Int:  8    God:
Gold:   188        SH:  5    Dex: 14    Spells: 4/4 levels left

rFire   . . .      SeeInvis .    a - +0 war axe
rCold   . . .      Faith    .    c - +0 buckler
rNeg    . . .      Spirit   .    b - +0 scale mail
rPois   .          Reflect  .    (no helmet)
rElec   .          Harm     .    (no cloak)
rCorr   .          Rampage  .    (no gloves)
Will    .....                    (no boots)
Stlth   ..........               (no amulet)
HPRegen 0.13/turn                g - +4 ring of protection
MPRegen 0.09/turn                (no ring)

@: no status effects
A: no striking features
a: no special abilities


You were on level 3 of the Dungeon.
You visited 1 branch of the dungeon, and saw 3 of its levels.

You collected 188 gold pieces.

Inventory:

Hand Weapons
 a - a +0 war axe (weapon)
Armour
 b - a +0 scale mail (worn)
 c - a +0 buckler (worn)
Jewellery
 g - a +4 ring of protection (left hand)
Scrolls
 d - a scroll of poison {unknown}
 e - 2 scrolls of immolation {unknown}
 j - a scroll of fear {unknown}
 l - a scroll of amnesia {unknown}
 m - a scroll of enchant armour {unknown}
 n - a scroll of identify {unknown}
 q - a scroll of teleportation {unknown}
Potions
 f - a potion of degeneration {unknown}
 h - 2 potions of lignification {unknown}
 i - 2 potions of berserk rage {unknown}
 k - a potion of curing {unknown}
 o - a potion of attraction {unknown}
 p - a potion of resistance {unknown}
 r - a potion of heal wounds {unknown}


   Skills:
 + Level 3.5 Fighting
 + Level 4.1 Axes
 + Level 3.7 Armour
 + Level 1.1 Dodging
 + Level 0.8 Stealth
 + Level 3.4 Shields


You had 4 spell levels left.
You didn't know any spells.
Your spell library contained the following spells:

 Spells                   Type           Power      Damage    Failure   Level
 Freeze                   Ice            0%         1d3       88%         1
 Necrotise                Necr           0%         1d4       88%         1
 Frozen Ramparts          Ice            0%         1d1       99%         3
 Vampiric Draining        Necr           0%         2d6       99%         3
 Hailstorm                Conj/Ice       0%         3d3       100%        4
 Agony                    Necr           0%         N/A       100%        5


Dungeon Overview and Level Annotations

Branches:
Dungeon (3/15)

Altars:


Message History

The orc hits you with a +0 dagger. The orc closely misses you.
There are monsters nearby!
You hit the orc.
You kill the orc!
The orc hits you from afar with a +0 vorpal trident.
There are monsters nearby!
There are monsters nearby!
The orc priest calls down the wrath of Beogh upon you.
Beogh smites you! You block the orc's attack.
Things that are here:
a +0 dagger; an orc corpse
There are monsters nearby!
You are too injured to fight recklessly!
There are monsters nearby!
You are too injured to fight recklessly!
There are monsters nearby!
You are too injured to fight recklessly!
You hit the orc but do no damage. The orc priest closely misses you.
The orc hits you with a +0 vorpal trident.
You hit the orc.
The orc is moderately wounded.
An orc comes into view. It is wielding a +0 flail.
You block the orc priest's attack. The orc hits you but does no damage.
The orc hits you with a +0 vorpal trident.
* * * LOW HITPOINT WARNING * * *
x2 The orc priest barely misses you.
You hit the orc but do no damage.
The orc is moderately wounded.
The orc priest hits you but does no damage.
The orc barely misses you.
You barely miss the orc.
The orc is moderately wounded.
The orc priest hits you but does no damage.
You block the orc's attack.
You closely miss the orc.
The orc is moderately wounded.
The orc priest hits you from afar with a +0 trident of flaming.
* * * LOW HITPOINT WARNING * * *
The orc priest burns you.
You die...

# ####### .......
####### .# ###
.######## .o#
........## #o#
.........# #o#
.......#.#######@#
......###.#.....)#
#......#.#...##†$......
#......>.....##.##..###
#................ .....
####.##..........# ####
#.##........#.#
#.##.##...#.#.#
#.##.##...#.#.#


You could see an orc priest and 2 orcs.

Vanquished Creatures
  A bullfrog (D:3)
  The ghost of xian the Gusty, a weakling FeAE of Xom (D:3)
  A river rat (D:3)
  2 adders (D:3)
  A worm (D:3)
  3 dart slugs
  2 orcs (D:3)
  3 bats
  2 endoplasms (D:3)
  A giant cockroach (D:3)
  4 hobgoblins
  9 jackals
  3 quokkas
  6 ball pythons
  2 frilled lizards (D:2)
  7 goblins
  4 kobolds
  8 rats
60 creatures vanquished.

Vanquished Creatures (others)
  A river rat (D:3)
1 creature vanquished.

Grand Total: 61 creatures vanquished

Notes
Turn   | Place    | Note
-------+----------+-------------------------------------------
     0 | D:1      | Iusername the Human Fighter began the quest for the Orb.
     0 | D:1      | Reached XP level 1. HP: 18/18 MP: 1/1
    42 | D:1      | Reached XP level 2. HP: 9/24 MP: 2/2
   579 | D:1      | Found a faded altar of an unknown god.
   919 | D:1      | Reached XP level 3. HP: 18/29 MP: 3/3
  1854 | D:3      | Reached XP level 4. HP: 35/35 MP: 4/4
  2030 | D:3      | Reached skill level 3 in Axes
  2143 | D:3      | Found a runed translucent door.
  2178 | D:3      | Found a runed translucent door.
  2188 | D:3      | Noticed xian's ghost (weakling FeAE)
  2189 | D:3      | Noticed a bullfrog
  2206 | D:3      | Killed a bullfrog
  2207 | D:3      | Reached skill level 1 in Dodging
  2207 | D:3      | Reached XP level 5. HP: 35/41 MP: 5/5
  2209 | D:3      | Reached skill level 4 in Axes
  2213 | D:3      | Killed xian's ghost
  2395 | D:3      | HP: 2/41 [orc priest/+0 trident of flaming (5)]
  2395 | D:3      | Slain by an orc priest

Illustrated notes

Levels and vault maps discovered:
D:1:      roderic_octagonal_star, layout_basic, basic_ecumenical_altar,
          dk_noncrumbling_2, patterned_corridor
D:2:      layout_rooms
D:3:      layout_loops_ring, general_overflow_altar, ebering_ghost_sewer_f,
          minmay_stone_trees_small

Skill      XL: |  1  2  3  4  5 |
---------------+----------------+-----
Axes           | 3 4 |  4.1
Dodging        | 1 |  1.1
Fighting       | |  3.5
Armour         | |  3.7
Stealth        | |  0.8
Shields        | |  3.4

Action                   |  1- 3 |  4- 6 || total
-------------------------+-------+-------++-------
Melee: War axe           |    87 |    48 ||   135
  Use: Potion            |     1 |     1 ||     2
Armor: Scale mail        |    49 |    21 ||    70
Dodge: Dodged            |    51 |    33 ||    84
Block: Buckler           |    27 |    14 ||    41

Table legend: (Time is in decaauts)
 A = Elapsed time spent in this place.
 B = Non-inter-level travel time spent in this place.
 C = Inter-level travel time spent in this place.
 D = Time resting spent in this place.
 E = Time spent auto-exploring this place.
 F = Levels seen in this place.
 G = Mean time per level.
                   A        B        C        D        E       F      G
               +--------+--------+--------+--------+--------+-----+--------+
         Total |   2452 |   2452 |      0 |    498 |   1373 |   3 |  817.3 |
       Dungeon |   2452 |   2452 |      0 |    498 |   1373 |   3 |  817.3 |
               +--------+--------+--------+--------+--------+-----+--------+

Top non-repeatable levels by time:
     D:1: 1286 daAuts
     D:3: 665 daAuts
     D:2: 500 daAuts
